 Dungeon Crawl Stone Soup version 0.29-a0-1016-g236c7fd91e (webtiles) character file.

Game seed: 16353135794619043005

470895 freelancePsychic the Slayer (level 23, -7/227 HPs)
             Began as a White Draconian Berserker on Aug 9, 2022.
             Was the Champion of Trog.
             Killed from afar by a tengu reaver (48 damage)
             ... with a bolt of poison
             ... on level 2 of the Depths.
             The game lasted 01:48:14 (62722 turns).

freelancePsychic the Slayer (DrBe)                 Turns: 62722, Time: 01:48:15

Health: -7/227     AC: 23    Str: 24    XL:     23   Next: 53%
Magic:  2/23       EV: 27    Int:  7    God:    Trog [******]
Gold:   7308       SH: 33    Dex: 19    Spells: 22/22 levels left

rFire   + . .      SeeInvis .   a - +9 double sword (spect)
rCold   + . .      Faith    .   I - +10 tower shield of Ignorance {rN+ Int-4}
rNeg    + . .      Spirit   .   (body armour unavailable)
rPois   .          Reflect  .   B - +2 hat
rElec   .          Harm     .   X - +2 cloak {rCorr}
rCorr   +          Rampage  .   w - +3 Mad Mage's Maulers {Infuse+โˆž RegenMP Int-3}
Will    +....                   H - +2 pair of boots {Fly}
Stlth   +++++.....              q - amulet of regeneration
HPRegen 1.27/turn               Z - ring of Doubts {rF+ EV+4}
MPRegen 0.58/turn               d - ring "Tuschat" {AC+4 Str+4 Int+4 Slay+3}

@: lethally poisoned (-7 -> -28), about to teleport, corroded, flying, studying
Long Blades
A: breathe frost, AC +11, unfitting armour, cold resistance 1, cold-blooded
}: 2/15 runes: decaying, serpentine
a: Breathe Frost, Renounce Religion, Berserk, Trog's Hand, Brothers in Arms


You were on level 2 of the Depths.
You worshipped Trog.
Trog was exalted by your worship.
You visited 8 branches of the dungeon, and saw 40 of its levels.
You visited the Abyss 1 time.
You also visited: Gauntlet, Ice Cave, Wizlab and Desolation.

You collected 8836 gold pieces.
You spent 1528 gold pieces at shops.

Inventory:

Hand Weapons
 a - a +9 spectral double sword (weapon)
 b - a +7 antimagic double sword
Missiles
 L - 11 curare-tipped darts (quivered)
 Y - 4 throwing nets
Armour
 w - the +3 Mad Mage's Maulers (worn) {Infuse+โˆž RegenMP Int-3}
   (You found it in a Gauntlet)

   It empowers its wearer's blows with all of their magic.
   It causes its wearer's magical reserves to regenerate more quickly.
   Int:       It affects your intelligence (-3).
 B - a +2 hat (worn)
 H - a +2 pair of boots of flying (worn)
 I - the +10 tower shield of Ignorance (worn) {rN+ Int-4}
   (You took it off a minotaur in a Gauntlet)

   Int:       It affects your intelligence (-4).
   rN:        It protects you from negative energy.
 X - a +2 cloak of preservation (worn)
Jewellery
 d - the ring "Tuschat" (right hand) {AC+4 Str+4 Int+4 Slay+3}
   (You found it in a Gauntlet)

   [ring of protection]

   AC:        It affects your AC (+4).
   Str:       It affects your strength (+4).
   Int:       It affects your intelligence (+4).
   Slay:      It affects your accuracy & damage with ranged weapons and melee
   (+3).
 n - a ring of protection from cold
 q - an amulet of regeneration (around neck)
 u - the ring of Temih {rElec rN+ AC+4 Int-4}
   (You found it on level 3 of the Snake Pit)

   [ring of protection]

   AC:        It affects your AC (+4).
   Int:       It affects your intelligence (-4).
   rElec:     It insulates you from electricity.
   rN:        It protects you from negative energy.
 R - the ring "Munuet" {+Blink rC+ rCorr Int+4}
   (You found it in the Desolation of Salt)

   [ring of protection from cold]

   Int:       It affects your intelligence (+4).
   rC:        It protects you from cold.
   +Blink:    It lets you blink.
   rCorr:     It protects you from acid and corrosion.
 T - a ring of protection from fire
 V - a ring of poison resistance
 Z - the ring of Doubts (left hand) {rF+ EV+4}
   (You found it in the Desolation of Salt)

   [ring of evasion]

   EV:        It affects your evasion (+4).
   rF:        It protects you from fire.
Wands
 f - a wand of digging (23)
 l - a wand of flame (38)
 z - a wand of mindburst (32)
 N - a wand of paralysis (20)
 Q - a wand of roots (31)
 S - a wand of polymorph (22)
Scrolls
 i - 3 scrolls of silence
 k - 6 scrolls of teleportation {@r4}
 m - 10 scrolls of fear
 v - 3 scrolls of summoning
 x - 6 scrolls of blinking
 C - 5 scrolls of magic mapping
 D - 4 scrolls of fog
 E - 10 scrolls of immolation
 O - 17 scrolls of identify {@r1}
 U - 5 scrolls of poison
 W - a scroll of brand weapon
Potions
 c - 13 potions of curing {@q1}
 g - 6 potions of cancellation
 h - 6 potions of haste {@q3}
 j - 8 potions of lignification
 p - 8 potions of heal wounds {@q2}
 r - 8 potions of flight
 t - 5 potions of berserk rage
 y - 2 potions of resistance
 A - 3 potions of ambrosia
 F - 3 potions of mutation
 G - 3 potions of attraction
 J - 5 potions of brilliance
 M - 9 potions of might
 P - 4 potions of invisibility
Miscellaneous
 e - a lightning rod (4/4)
 o - a phantom mirror
 s - a tin of tremorstones (1/2)
 K - a condenser vane


   Skills:
 * Level 23.5 Fighting
 * Level 16.3 Long Blades
 - Level 2.3 Throwing
 + Level 17.5 Dodging
 - Level 10.0 Stealth
 - Level 21.3 Shields
 + Level 18.6 Evocations


You had 22 spell levels left.
You didn't know any spells.
Your spell library was empty.

Dungeon Overview and Level Annotations

Branches:
Dungeon (15/15)            Temple (0/1) D:4            Lair (5/5) D:10
  Swamp (4/4) Lair:3        Snake (4/4) Lair:2        Slime (0/5) Lair:5
    Orc (2/2) D:11            Elf (3/3) Orc:2        Vaults (4/5) D:14
  Crypt (0/3) Vaults:2     Depths (3/4) D:15          IceCv (visited)
 WizLab (visited)         Desolation (visited)      Gauntlet (visited)

Altars:
Dithmenos
Gozag
Hepliaklqana
Kikubaaqudgha
Nemelex Xobeh
Okawaru
Qazlal
Sif Muna
Uskayaw
Wu Jian
Zin
The Shining One
Jiyva

Shops:
D:2 !   Orc:1 =   Orc:2 [[=?   Snake:3 *

Portals:
Hell: Depths:1 Depths:2
Abyss: Depths:2
Pandemonium: Depths:2

Annotations:
Swamp:3 Roxanne
Elf:2 2 runed translucent doors


Innate Abilities, Weirdness & Mutations

You can breathe waves of freezing cold which knock back foes.
Your icy white scales are hard. (AC +11)
You cannot fit into any form of body armour.
Your flesh is cold resistant. (rC+)
You are cold-blooded and may be slowed by cold attacks.


Message History

The bolt of acid hits you!! You resist. The acid corrodes you!
The tengu reaver barely misses you. You block the tengu reaver's attack.
The tengu reaver claws you but does no damage.
You fly upwards.
You feel sick.
There is a stone staircase leading down, spattered with blood here.
You barely miss the tengu reaver.
Your +9 spectral double sword hits the tengu reaver!
You feel sick.
The tengu reaver hits you with a +3 vorpal battleaxe.
The tengu reaver hits your +9 spectral double sword with a +3 vorpal battleaxe!
Your spectral weapon shares its damage with you! x2
You block the tengu reaver's attack. x2
The tengu reaver gestures at you while chanting.
The bolt of poison hits you!!
You are more poisoned.
The bolt of poison hits your +9 spectral double sword.
Your +9 spectral double sword completely resists.
You slash the tengu reaver!
You tail-slap the tengu reaver, but do no damage.
The tengu reaver is almost dead.
Your +9 spectral double sword closely misses the tengu reaver.
You feel very sick.
The tengu reaver hits you with a +3 vorpal battleaxe!!
* * * LOW HITPOINT WARNING * * *
x2 The tengu reaver hits your +9 spectral double sword with a +3 vorpal battleaxe.
Your spectral weapon shares its damage with you!
* * * LOW HITPOINT WARNING * * *
You block the tengu reaver's attack. The tengu reaver barely misses you.
Blink to where?
Press: ? - help, Dir - move target
As you read the scroll of blinking, it crumbles to dust.
You feel very sick.
As you read the scroll of teleportation {@r4}, it crumbles to dust.
You feel strangely unstable.
You feel very sick.
The tengu reaver drinks a potion.
The tengu reaver is healed!
The tengu reaver casts a spell at you. The bolt of poison hits you!!!
You are more poisoned.
You die...

'##........#........#.##...##...#
[..........##......##.[##'##....#
[...........##....##............#
.............######.............#
..>...................Q..########
(#########........#...ยง>##
.#.......#........#..Q..#
.#.......#........'.....#
.#.......#......@.#.....#
.'.......##....##.#.....#
.#.......###'####.#######
.#........#.....#.......#
.###.....##.....#.......#
####.....##.....'.......#
................#.......#
................#.......#
................#.......#


You could see 2 tengu reavers.

Vanquished Creatures
  Bai Suzhen (Swamp:3)
  2 caustic shrikes (Depths:2)
  Margery (Vaults:3)
  6 golden dragons (Depths:2)
  Nikola (Swamp:4)
  A golden dragon (shapeshifter) (Depths:2)
  A profane servitor (Abyss:3)
  7 tentacled monstrosities
  Mlioglotl (Swamp:4)
  Rupert (D:12)
  A walking crystal tome (Depths:3)
  Jorgrun (D:14)
  2 quicksilver dragons
  2 deep elf master archers (Elf:3)
  A walking divine tome (Depths:3)
  5 liches
  2 deep elf blademasters (Elf:3)
  12 sphinxes
  Gastronok (Lair:2)
  A tentacled starspawn (Abyss:3)
  3 thorn hunters
  7 tengu reavers
  8 fire giants
  10 frost giants
  3 nagarajas
  2 iron dragons
  An imperial myrmidon (Desolation)
  A balrug (Depths:2)
  9 deep elf sorcerers
  13 vault wardens
  3 deep elf elementalists (Elf:3)
  2 orc warlords
  Louise (Elf:3)
  An angel (Abyss:3)
  A war gargoyle (Vaults:4)
  4 demonspawn corrupters (WizLab)
  2 spriggan defenders (Depths:2)
  11 stone giants
  21 very ugly things
  13 ironbound preservers
  5 ironbound thunderhulks
  5 deep elf demonologists
  4 eleionomae
  6 vampire knights
  10 deep elf annihilators
  A minotaur (Gauntlet)
  4 entropy weavers
  2 halazid warlocks (Desolation)
  11 dire elephants
  5 bunyips
  Snorg (D:12)
  A spark wasp (Depths:2)
  5 crystal guardians
  3 deep elf death magi
  11 ettins
  6 fire dragons
  3 jiangshi (Depths:1)
  2 merfolk javelineers (WizLab)
  8 yaktaur captains
  4 great orbs of eyes
  Josephine (D:14)
  5 ice dragons
  Harold (Lair:2)
  5 ragged hierophants
  11 vault guards
  6 rakshasas
  2 ghost crabs
  2 caustic shrike simulacra (IceCv)
  5 deep elf high priests
  7 peacekeepers
  3 boulder beetles
  7 centaur warriors
  3 servants of whispers (Desolation)
  23 hydras
  8 ironbound frosthearts
  2 spriggan air magi (Depths:2)
  6 anacondas
  2 catoblepae
  The ghost of drpainis the Unseen, a journeyman SpEn of Dithmenos (Lair:2)
  12 dancing weapons
  3 merfolk aquamancers (WizLab)
  6 alligators
  5 two-headed ogres
  6 death yaks (Lair:2)
  18 naga warriors
  A two-headed ogre (shapeshifter) (D:13)
  A vampire mage (Depths:1)
  An ogre mage (Vaults:2)
  3 deep troll shamans
  3 deep troll earth magi (Depths:2)
  8 tengu warriors
  The ghost of flotson the Trooper, a novice DsDe of Gozag (D:9)
  3 orc high priests (Orc:2)
  11 thrashing horrors
  5 shock serpents
  A soul eater (Depths:2)
  2 spriggan berserkers (Depths:2)
  16 naga sharpshooters
  12 deep elf knights
  15 hell knights
  Sonja (D:10)
  A sun demon (Depths:2)
  Lodul (D:12)
  A salamander mystic (Snake:4)
  2 wretched stars (Abyss:3)
  A goliath frog (Swamp:4)
  6 iron trolls
  4 flayed ghosts
  3 naga ritualists
  9 sea snakes (Snake:4)
  9 bog bodies
  A swamp dragon (shapeshifter) (D:15)
  40 deep trolls
  An obsidian statue (IceCv)
  2 spriggan druids (Swamp:3)
  2 glowing orange brains
  8 spriggan simulacra (IceCv)
  12 deep elf archers
  8 harpies (Vaults:1)
  5 lindwurms
  21 deep elf zephyrmancers
  5 mana vipers
  8 necromancers
  19 ironbound convokers
  14 swamp dragons
  2 phantasmal warriors (Depths:1)
  32 deep elf pyromancers
  8 orc knights
  A harpy (shapeshifter) (D:13)
  14 wizards
  A manticore (D:15)
  5 orc sorcerers (Orc:2)
  6 will-o-the-wisps
  9 salamanders
  A wolf spider (Lair:5)
  46 ugly things
  20 elephants
  3 cyclopes
  A worldbinder (WizLab)
  A water nymph (WizLab)
  Maurice (Orc:1)
  19 guardian serpents
  4 smoke demons
  An orange demon (Depths:2)
  40 black mambas
  16 naga magi
  16 vault sentinels
  An apocalypse crab (Abyss:3)
  2 gargoyles
  A torpor snail (Lair:5)
  12 cane toads
  6 rime drakes
  3 unseen horrors
  A yaktaur (shapeshifter) (Elf:1)
  A kobold demonologist (Depths:2)
  9 komodo dragons
  A human zombie (Vaults:3)
  18 yaktaurs
  A hellwing (Abyss:3)
  A tengu conjurer (Depths:2)
  2 freezing wraiths
  An anaconda simulacrum (IceCv)
  An efreet (D:13)
  A red devil (Depths:2)
  A golden dragon simulacrum (IceCv)
  2 trolls
  11 ice devils (IceCv)
  A tarantella (Vaults:1)
  3 ancient zymes (Abyss:3)
  14 polar bears
  A merfolk (shapeshifter) (Vaults:2)
  11 hornets
  A wolf spider simulacrum (D:14)
  49 saltlings
  4 tyrant leeches
  6 raiju
  23 slime creatures
  23 blink frogs
  4 dream sheep (Lair:5)
  A deep troll skeleton (Vaults:3)
  5 air elementals
  6 starcursed masses (Abyss:3)
  A jumping spider (Vaults:2)
  3 centaur simulacra (D:11)
  6 spriggans
  6 wraiths
  13 wyverns
  16 humans (D:14)
  A shadow (D:11)
  6 fire elementals
  5 basilisks
  A steam dragon (Swamp:4)
  6 water elementals
  3 fire bats (D:11)
  64 yaks
  A fire bat (shapeshifter) (Elf:1)
  8 redbacks
  4 small abominations
  A chaos spawn (Abyss:3)
  4 vampire mosquitoes
  51 nagas
  8 wargs
  Menkaure (D:7)
  13 minotaur simulacra (IceCv)
  17 swamp worms
  An acid dragon (D:11)
  4 harpy simulacra (IceCv)
  15 hell hounds (Lair:5)
  28 water moccasins
  8 swamp drakes
  A human skeleton (Vaults:3)
  A meliai simulacrum (D:15)
  2 ice beasts
  19 orc warriors
  17 black bears
  An alligator simulacrum (IceCv)
  A black mamba simulacrum (Lair:2)
  An ettin simulacrum (IceCv)
  12 ogres
  27 wolves
  12 boggarts
  6 large abominations
  3 centaurs
  5 kobold brigands
  3 gnoll sergeants
  3 scorpions
  6 bullfrogs
  5 deep troll simulacra (IceCv)
  3 earth elementals
  A necrophage (D:7)
  2 cane toad simulacra (Lair:2)
  7 wights
  12 killer bees
  2 electric eels
  6 howler monkeys
  2 lava snakes
  2 komodo dragon simulacra (Lair:2)
  14 orc priests
  A water moccasin simulacrum (Lair:2)
  3 jellies (Lair:5)
  A gnoll bouda (D:9)
  A hound (D:7)
  2 iguanas
  14 hell rats (Lair:5)
  20 orc wizards
  A yak simulacrum (Lair:2)
  16 gnolls
  6 adders
  A shadow imp (D:7)
  3 white imps (D:11)
  An ufetubus (D:11)
  4 dart slugs
  45 orcs
  6 endoplasms
  2 giant cockroaches
  2 goblins (D:2)
  4 hobgoblins
  4 jackals (D:4)
  17 kobolds
  2 quokkas (D:3)
  7 ball pythons
  10 bats
  A frilled lizard (D:1)
  6 rats
  2 briar patches (Swamp:4)
  A fire vortex (Swamp:4)
1809 creatures vanquished.

Vanquished Creatures (collateral kills)
  An Ice Fiend (IceCv)
  A demonspawn corrupter (WizLab)
  A hydra (Lair:3)
  A spriggan druid (WizLab)
  An ice devil (IceCv)
  A yak (Lair:3)
  A minotaur simulacrum (IceCv)
  A swamp drake (Swamp:4)
8 creatures vanquished.

Vanquished Creatures (others)
  A deep elf sorcerer (WizLab)
  3 deep elf knights
  2 wizards
  2 deep elf zephyrmancers (Elf:2)
  A deep elf pyromancer (Elf:1)
  A guardian serpent (Desolation)
  3 bloated husks
  A water elemental (D:11)
  A steam dragon (Swamp:4)
  A swamp worm (Swamp:4)
  3 swamp drakes (Swamp:4)
  A boggart (Vaults:1)
  An electric eel (D:11)
  8 briar patches
  21 foxfires
  66 fungi
  123 plants
  2 starspawn tentacles (Abyss:3)
241 creatures vanquished.

Grand Total: 2058 creatures vanquished

Notes
Turn   | Place    | Note
-------+----------+-------------------------------------------
     0 | D:1      | freelancePsychic the Draconian Berserker began the quest
                  | for the Orb.
     0 | D:1      | Reached XP level 1. HP: 19/19 MP: 1/1
   767 | D:1      | Reached XP level 2. HP: 26/26 MP: 2/2
   847 | D:2      | Found Ecomif's Distillery.
  1054 | D:2      | Bought a potion of curing for 42 gold pieces
  1267 | D:2      | Reached XP level 3. HP: 23/33 MP: 3/3
  1816 | D:2      | Reached ** piety under Trog
  2417 | D:3      | Found a glowing silver altar of Zin.
  2430 | D:3      | Found a shimmering blue altar of Sif Muna.
  2779 | D:3      | Reached XP level 4. HP: 35/40 MP: 4/4
  2867 | D:3      | Identified the +1 leather armour of Focus {+Blink rF+ rC+
                  | Str+2}
  3275 | D:4      | Reached skill level 4 in Fighting
  3346 | D:4      | Found a shadowy altar of Dithmenos.
  3562 | D:4      | Found a staircase to the Ecumenical Temple.
  3598 | D:4      | Noticed an orc warrior
  3624 | D:4      | Killed an orc warrior
  3625 | D:4      | Reached skill level 1 in Throwing
  3625 | D:4      | Reached XP level 5. HP: 47/47 MP: 5/5
  3637 | D:4      | Reached skill level 5 in Long Blades
  4066 | D:4      | Reached XP level 6. HP: 53/53 MP: 6/6
  4270 | D:5      | Entered Level 5 of the Dungeon
  4284 | D:5      | Found an iron altar of Okawaru.
  4407 | D:5      | Reached skill level 5 in Fighting
  4692 | D:5      | Your scales start taking on an icy white colour.
  4692 | D:5      | Reached XP level 7. HP: 37/61 MP: 7/7
  4692 | D:5      | Gained mutation: Your flesh is cold resistant. (rC+) [White
                  | Draconian growth]
  6296 | D:6      | Found a glowing golden altar of the Shining One.
  6926 | D:7      | Noticed Menkaure
  6934 | D:7      | Killed Menkaure
  6935 | D:7      | Reached skill level 6 in Fighting
  6935 | D:7      | Reached XP level 8. HP: 53/70 MP: 8/8
  7226 | D:7      | Found a hide-covered altar of Uskayaw.
  7291 | D:7      | Noticed a four-headed hydra
  7403 | D:8      | Reached skill level 1 in Evocations
  7443 | D:8      | Found an ornate altar of the Wu Jian Council.
  8376 | D:8      | Reached skill level 7 in Fighting
  8528 | D:8      | Reached XP level 9. HP: 79/79 MP: 9/9
  8804 | D:8      | Reached *** piety under Trog
  8805 | D:8      | Reached skill level 8 in Fighting
  8815 | D:8      | Reached skill level 10 in Long Blades
  9598 | D:9      | Found a stormy altar of Qazlal.
  9795 | D:9      | Reached XP level 10. HP: 83/90 MP: 10/10
 10265 | D:9      | Noticed a two-headed ogre
 10273 | D:9      | Killed a two-headed ogre
 10274 | D:9      | Reached skill level 5 in Dodging
 10274 | D:9      | Reached skill level 5 in Evocations
 10276 | D:9      | Reached skill level 9 in Fighting
 10371 | D:9      | Found a runed translucent gate.
 10372 | D:9      | Found a runed translucent gate.
 10373 | D:9      | Found a runed translucent gate.
 10384 | D:9      | Noticed flotson's ghost (novice DsDe)
 10550 | D:10     | Entered Level 10 of the Dungeon
 10974 | D:10     | Found a staircase to the Lair.
 11138 | D:10     | Noticed a two-headed ogre
 11149 | D:10     | Killed a two-headed ogre
 11156 | D:10     | Noticed Sonja
 11158 | D:10     | Killed Sonja
 11403 | D:10     | Reached XP level 11. HP: 99/99 MP: 11/11
 11893 | D:11     | Reached **** piety under Trog
 11999 | D:11     | Reached skill level 10 in Fighting
 12589 | D:11     | Identified the +7 quarterstaff "Lihaasergh" {protect,
                  | Dex+3}
 12949 | D:11     | Found a staircase to the Orcish Mines.
 13107 | D:11     | Found the +7 great mace "Firestarter" {inner flame, rF++}
 13170 | D:11     | Noticed a two-headed ogre
 13332 | Lair:1   | Entered Level 1 of the Lair of Beasts
 14500 | Lair:1   | Reached XP level 12. HP: 108/108 MP: 12/12
 14983 | D:7      | Reached skill level 11 in Fighting
 15250 | D:7      | Found a sparkling altar of Nemelex Xobeh.
 15274 | D:7      | Killed a four-headed hydra
 15806 | Lair:2   | Found a runed translucent gate.
 15806 | Lair:2   | Found a runed translucent gate.
 15806 | Lair:2   | Found a runed translucent gate.
 15823 | Lair:2   | Found a gate leading to a gauntlet.
 15832 | Gauntlet | Entered a Gauntlet
 15832 | Gauntlet | Found a runed translucent gate.
 15832 | Gauntlet | Found a transporter.
 15832 | Gauntlet | Found a runed translucent gate.
 15832 | Gauntlet | Found a runed translucent gate.
 15832 | Gauntlet | Found a transporter.
 15844 | Gauntlet | Found a transporter.
 15854 | Gauntlet | Noticed a catoblepas
 15862 | Gauntlet | Found a transporter.
 15862 | Gauntlet | Found a transporter.
 15862 | Gauntlet | Found a transporter.
 15864 | Gauntlet | Found a transporter.
 15864 | Gauntlet | Found a transporter.
 15878 | Gauntlet | Found a transporter.
 15894 | Gauntlet | Found a transporter.
 15902 | Gauntlet | Found a runed translucent door.
 15904 | Gauntlet | Found a transporter.
 15905 | Gauntlet | Found the +3 Mad Mage's Maulers {Infuse+โˆž RegenMP Int-3}
 15906 | Gauntlet | Found a runed translucent door.
 15909 | Gauntlet | Found a transporter.
 15943 | Gauntlet | Found a transporter.
 15956 | Gauntlet | Found a transporter.
 16036 | Gauntlet | Killed a catoblepas
 16189 | Gauntlet | Identified the ring "Tuschat" {AC+4 Str+4 Int+4 Slay+3}
 16283 | Gauntlet | Identified the +8 flail of Checkmate {freeze, rPois}
 16283 | Gauntlet | Noticed a minotaur
 16290 | Gauntlet | Killed a minotaur
 16334 | Gauntlet | Identified the +1 troll leather armour of Levity {rC++
                  | Regen+ Dex+6 Stlth-}
 16454 | Lair:2   | Reached skill level 1 in Shields
 16492 | Lair:2   | Found a staircase to the Snake Pit.
 16493 | Lair:2   | Noticed Harold
 16502 | Lair:2   | Killed Harold
 16558 | Lair:2   | Noticed a death yak
 16579 | Lair:2   | Killed a death yak
 16629 | Lair:2   | Noticed a death yak
 16629 | Lair:2   | Noticed a death yak
 16629 | Lair:2   | Noticed a death yak
 16630 | Lair:2   | Noticed a death yak
 16656 | Lair:2   | Killed a death yak
 16657 | Lair:2   | Reached skill level 12 in Fighting
 16661 | Lair:2   | Noticed a death yak
 16668 | Lair:2   | Killed a death yak
 16680 | Lair:2   | Killed a death yak
 16681 | Lair:2   | Reached skill level 5 in Shields
 16685 | Lair:2   | Killed a death yak
 16696 | Lair:2   | Killed a death yak
 16814 | Lair:2   | Reached XP level 13. HP: 114/119 MP: 0/13
 16907 | Lair:2   | Noticed drpainis's ghost (journeyman SpEn)
 17422 | Lair:2   | Identified the +6 halberd "Ekeheag" {vamp, rF- Int+4 Dex+2}
 17525 | Lair:2   | Noticed Gastronok
 17540 | Lair:2   | Killed Gastronok
 17540 | Lair:2   | Reached ***** piety under Trog
 17541 | Lair:2   | Reached skill level 13 in Fighting
 17790 | Lair:2   | Killed drpainis's ghost
 18087 | D:9      | Killed flotson's ghost
 18459 | Lair:1   | Identified 2 scrolls of acquirement
 18459 | Lair:1   | Acquired 873 gold pieces
 18461 | Lair:1   | Acquired a +3 double sword of protection
 18790 | Lair:3   | Identified the +7 chain mail of the Game of Kings {rElec
                  | rN+ Will+ Str+3}
 19588 | Lair:3   | Found a staircase to the Swamp.
 20219 | Lair:4   | Reached skill level 10 in Shields
 20222 | Lair:4   | Reached skill level 14 in Fighting
 20367 | Lair:4   | Reached XP level 14. HP: 132/132 MP: 0/14
 20379 | Lair:4   | Reached skill level 15 in Long Blades
 20785 | Lair:4   | Received a gift from Trog
 21085 | Lair:5   | Entered Level 5 of the Lair of Beasts
 21839 | Lair:5   | Identified the +3 chain mail of the Villain {rC+}
 21944 | Lair:5   | Found a viscous altar of Jiyva.
 21944 | Lair:5   | Found a staircase to the Slime Pits.
 22007 | Lair:5   | Reached skill level 15 in Fighting
 22294 | Lair:5   | Identified the +8 falchion of Tender Mercy {vorpal, Fragile
                  | rPois rF+} (Trog gifted it to you on level 5 of the Lair of
                  | Beasts)
 22294 | Lair:5   | Received a gift from Trog
 22963 | Lair:5   | Identified the +2 pair of gloves of Meitee {rCorr Stlth+}
 23266 | Lair:5   | Reached XP level 15. HP: 143/143 MP: 1/15
 23421 | Lair:5   | Reached ****** piety under Trog
 23437 | Lair:5   | Reached skill level 16 in Fighting
 23892 | D:11     | Received a gift from Trog
 24420 | D:11     | You fall into a shaft and drop 3 floors!
 24440 | D:14     | Noticed Jorgrun
 24449 | D:14     | Killed Jorgrun
 24457 | D:14     | Noticed Josephine
 24497 | D:14     | Killed Josephine
 24513 | D:14     | Noticed Nessos
 24514 | D:14     | Noticed Nessos
 24514 | D:14     | Nessos changed into Nessos the elephant
 24520 | D:14     | Killed Nessos the elephant
 25221 | D:14     | Identified the +3 ring mail "Zenna" {rN+ Dex+3}
 25406 | D:14     | Found a gate to the Vaults.
 25417 | D:14     | Received a gift from Trog
 26510 | D:12     | Noticed Rupert
 26526 | D:12     | Killed Rupert
 26992 | D:12     | Noticed Lodul
 27003 | D:12     | Killed Lodul
 27064 | D:12     | Found an opulent altar of Gozag.
 27064 | D:12     | Noticed Snorg
 27072 | D:12     | Killed Snorg
 27515 | D:15     | Entered Level 15 of the Dungeon
 27535 | D:15     | Found a frozen archway.
 27539 | IceCv    | Entered an ice cave
 27728 | IceCv    | Reached XP level 16. HP: 143/154 MP: 1/16
 27819 | IceCv    | Received a gift from Trog
 28177 | IceCv    | Noticed an Ice Fiend
 28191 | IceCv    | Killed an Ice Fiend
 28192 | IceCv    | Reached skill level 17 in Fighting
 28266 | IceCv    | Identified the +1 crystal plate armour "Febremn" {*Corrode
                  | Regen+ Str+6}
 28911 | D:15     | Reached skill level 10 in Evocations
 29434 | D:15     | Identified the +2 chain mail "Biff" {*Corrode rElec Slay+2}
 29508 | D:15     | Received a gift from Trog
 29844 | D:15     | Reached skill level 15 in Shields
 29890 | D:15     | Found a staircase to the Depths.
 29898 | D:15     | Reached skill level 10 in Dodging
 30322 | Orc:1    | Entered Level 1 of the Orcish Mines
 30406 | Orc:1    | Found Birph's Jewellery Shop.
 30500 | Orc:1    | Noticed Maurice
 30512 | Orc:1    | Killed Maurice
 30751 | Orc:2    | Entered Level 2 of the Orcish Mines
 30843 | Orc:2    | Found a staircase to the Elven Halls.
 31373 | Orc:2    | Found Caom's Magic Scroll Shop.
 31381 | Orc:2    | Identified the +9 trident of Disintegration {flame, rPois
                  | Dex+2} (Trog gifted it to you on level 2 of the Orcish
                  | Mines)
 31381 | Orc:2    | Received a gift from Trog
 31580 | Orc:2    | Found Wurphota's Armour Shoppe.
 31587 | Orc:2    | Found Realugoj's Antique Armour Shoppe.
 31589 | Orc:2    | Found Giviotys's Jewellery Shop.
 31629 | Orc:2    | Bought a +0 hat for 60 gold pieces
 31695 | Orc:2    | Bought a scroll of magic mapping for 120 gold pieces
 31695 | Orc:2    | Bought 3 scrolls of teleportation for 144 gold pieces
 31695 | Orc:2    | Bought a scroll of teleportation for 48 gold pieces
 31695 | Orc:2    | Bought a scroll of immolation for 64 gold pieces
 31947 | D:2      | Bought a potion of might for 56 gold pieces
 31947 | D:2      | Bought a potion of heal wounds for 70 gold pieces
 32214 | Swamp:1  | Entered Level 1 of the Swamp
 34323 | Swamp:2  | Reached XP level 17. HP: 149/163 MP: 0/17
 34812 | Swamp:3  | Received a gift from Trog
 34900 | Swamp:3  | Identified the +9 trident "Mapsinusch" {vorpal, rPois rC+++
                  | Dex+4 Stlth-}
 35096 | Swamp:3  | Noticed Roxanne
 35262 | Swamp:4  | Entered Level 4 of the Swamp
 35262 | Swamp:4  | Noticed Bai Suzhen
 35317 | Swamp:3  | Killed Bai Suzhen
 35550 | Swamp:4  | Reached skill level 18 in Fighting
 36349 | Swamp:4  | Identified the +4 trident "Enuiremi" {venom, Int-4 Dex+9}
 36441 | Swamp:4  | Noticed Mlioglotl
 36447 | Swamp:4  | Killed Mlioglotl
 36547 | Swamp:4  | Noticed Nikola
 36561 | Swamp:4  | Killed Nikola
 36921 | Swamp:4  | Noticed a tentacled monstrosity
 36931 | Swamp:4  | Killed a tentacled monstrosity
 37153 | Swamp:4  | Got a decaying rune of Zot
 37344 | Snake:1  | Entered Level 1 of the Snake Pit
 37651 | Snake:1  | Identified the +3 trident of the Everdark {flame, Str+2}
                  | (Trog gifted it to you on level 1 of the Snake Pit)
 37651 | Snake:1  | Received a gift from Trog
 39301 | Snake:3  | Reached XP level 18. HP: 74/173 MP: 4/18
 39602 | Snake:3  | Identified the ring of Temih {rElec rN+ AC+4 Int-4}
 39644 | Snake:3  | Identified the +1 robe "Meal" {+Inv}
 39835 | Snake:3  | Received a gift from Trog
 40859 | Snake:3  | Found Ycasoh's Assorted Antiques.
 40902 | Snake:3  | Bought a scroll of teleportation for 66 gold pieces
 40902 | Snake:3  | Bought a potion of haste for 220 gold pieces
 40902 | Snake:3  | Bought a potion of resistance for 220 gold pieces
 40902 | Snake:3  | Bought a scroll of magic mapping for 165 gold pieces
 40902 | Snake:3  | Bought a scroll of magic mapping for 165 gold pieces
 40902 | Snake:3  | Bought a scroll of immolation for 88 gold pieces
 40929 | Snake:3  | Reached skill level 19 in Fighting
 41208 | Snake:4  | Entered Level 4 of the Snake Pit
 41651 | Snake:4  | Received a gift from Trog
 43004 | Snake:4  | Got a serpentine rune of Zot
 43544 | Elf:1    | Entered Level 1 of the Elven Halls
 43550 | Elf:1    | Received a gift from Trog
 43631 | Elf:1    | Paralysed by an air elemental for 1 turns
 43977 | Elf:1    | Received a gift from Trog
 44282 | Elf:1    | Identified the +8 arbalest of Interdependent Arising
                  | {venom, rPois rC- Str+9 Dex-5}
 44303 | Elf:1    | Paralysed by an air elemental for 1 turns
 44308 | Elf:1    | Reached XP level 19. HP: 184/184 MP: 1/19
 44430 | Abyss:3  | Cast into level 3 of the Abyss (a deep elf demonologist)
 44684 | Abyss:3  | Noticed a profane servitor
 44720 | Abyss:3  | Killed a profane servitor
 44862 | Abyss:3  | Reached skill level 20 in Fighting
 44889 | Abyss:3  | Received a gift from Trog
 44932 | Elf:1    | Escaped the Abyss
 44933 | Elf:1    | Noticed a Brimstone Fiend
 45612 | Elf:2    | Found a magical portal.
 45651 | WizLab   | Entered Alistair's Party Mansion
 46120 | WizLab   | Received a gift from Trog
 46637 | WizLab   | Noticed a golden dragon
 46850 | WizLab   | Acquired 793 gold pieces
 47630 | Elf:2    | Found a runed translucent door.
 47690 | Elf:2    | Found a runed translucent door.
 48195 | Elf:3    | Entered Level 3 of the Elven Halls
 48307 | Elf:3    | Reached skill level 15 in Evocations
 48331 | Elf:3    | Received a gift from Trog
 48554 | Elf:3    | Found an ancient bone altar of Kikubaaqudgha.
 48621 | Elf:3    | Paralysed by an air elemental for 1 turns
 48782 | Elf:3    | Noticed Louise
 48791 | Elf:3    | Killed Louise
 48825 | Elf:3    | Reached XP level 20. HP: 115/195 MP: 1/20
 49201 | Elf:3    | Identified the ring "Qyeppesk" {Fly rN+++ rCorr Slay-4
                  | Stlth+}
 49209 | Elf:3    | Identified the +1 leather armour "Lugukk" {+Inv rElec
                  | Slay+2}
 49241 | Elf:3    | Received a gift from Trog
 49594 | Elf:3    | Paralysed by an air elemental for 1 turns
 49650 | Elf:3    | Identified the ring of Oqumm {Fly Will+ Str+4}
 49653 | Elf:3    | Identified the amulet "Ehorank" {RegenMP rC+++}
 49739 | Elf:3    | Identified the +8 plate armour "Dyhiesuo" {Rampage}
 49890 | Elf:3    | Identified the +6 plate armour of the Turtledove {Rampage
                  | rPois rN+}
 50309 | Vaults:1 | Entered Level 1 of the Vaults
 50323 | Vaults:1 | Reached skill level 21 in Fighting
 50329 | Vaults:1 | Reached skill level 1 in Stealth
 50730 | Vaults:1 | Received a gift from Trog
 51669 | Vaults:1 | Reached skill level 15 in Dodging
 51960 | Vaults:2 | Reached skill level 5 in Stealth
 52309 | Vaults:2 | Received a gift from Trog
 52719 | Vaults:2 | Found a staircase to the Crypt.
 53278 | Vaults:2 | Reached XP level 21. HP: 182/201 MP: 1/21
 53524 | Vaults:3 | Noticed Margery
 53535 | Vaults:3 | Killed Margery
 53588 | Vaults:3 | Received a gift from Trog
 53626 | Vaults:3 | Found a crumbling gateway.
 53685 | Desolati | Entered the Desolation of Salt
 53842 | Desolati | Identified the ring "Munuet" {+Blink rC+ rCorr Int+4}
 53996 | Desolati | Identified the +10 plate armour of Existentialism {Dex+5
                  | SInv}
 54151 | Desolati | Identified the ring of Doubts {rF+ EV+4}
 54299 | Desolati | Identified the +7 long sword of Defence {vorpal, rPois
                  | Str-5 Dex+3 Stlth+} (Trog gifted it to you in the
                  | Desolation of Salt)
 54299 | Desolati | Received a gift from Trog
 54326 | Desolati | Identified the -1 cloak of Impermeability {-Tele Str+3
                  | Stlth+}
 55347 | Vaults:3 | Paralysed by a sphinx for 5 turns
 55363 | Vaults:3 | Received a gift from Trog
 56191 | Vaults:4 | Reached skill level 22 in Fighting
 56214 | Vaults:4 | Reached skill level 10 in Stealth
 56519 | Vaults:4 | Received a gift from Trog
 56563 | Vaults:4 | Reached XP level 22. HP: 209/215 MP: 1/22
 57801 | Depths:1 | Entered Level 1 of the Depths
 58033 | Depths:1 | Identified the +8 chain mail "Lipnifah" {Fly rF- MP+9
                  | Dex+6}
 58037 | Depths:1 | Received a gift from Trog
 58163 | Depths:1 | Found a hazy altar of Hepliaklqana.
 58517 | Depths:1 | Found a shadowy altar of Dithmenos.
 58892 | Depths:1 | Found a gateway to Hell.
 59049 | Depths:2 | Found a one-way gate leading to the halls of Pandemonium.
 59187 | Depths:2 | Found a one-way gate to the infinite horrors of the Abyss.
 59359 | Depths:2 | Noticed a golden dragon
 59363 | Depths:2 | Noticed a caustic shrike
 59373 | Depths:2 | Killed a golden dragon
 59376 | Depths:2 | Killed a caustic shrike
 59408 | Depths:2 | Received a gift from Trog
 59558 | Depths:2 | Noticed a golden dragon
 59559 | Depths:2 | Noticed a golden dragon
 59720 | Depths:2 | Paralysed by a vampire knight for 2 turns
 60017 | Depths:2 | Noticed a caustic shrike
 60031 | Depths:2 | Noticed a caustic shrike
 60074 | Depths:2 | Killed a caustic shrike
 60472 | Depths:2 | Killed a golden dragon
 60546 | Depths:2 | Reached skill level 23 in Fighting
 60615 | Depths:2 | Received a gift from Trog
 60647 | Depths:2 | Reached XP level 23. HP: 226/226 MP: 0/23
 62191 | Depths:2 | Identified the +6 whip "Vumezunuli" {drain, Str-2 Int+6
                  | Dex+4}
 62552 | Depths:3 | Received a gift from Trog
 62722 | Depths:2 | Killed from afar by a tengu reaver

Illustrated notes

Levels and vault maps discovered:
D:1:      dpeg_arrival_connections, layout_basic
D:2:      layout_basic, serial_shops, nicolae_shop_waterfront, serial_forest,
          infiniplex_forest_lined_room_3, infiniplex_forest_diagonal,
          infiniplex_forest_lined_corner, infiniplex_forest_clump_small,
          infiniplex_forest_straight_3, infiniplex_forest_clump_small,
          infiniplex_forest_clump_small, infiniplex_forest_diagonal
D:3:      layout_basic, mainiacjoe_overflow_catch_the_wave
D:4:      layout_basic, lemuel_round_altar, minmay_temple_entry_overgrown
D:5:      layout_cave_pods, kennysheep_little_box
D:6:      layout_loops_ring, tso_altar
D:7:      layout_gridville, nicolae_uskayaw_suspiria,
          nemelex_diamond_rough_becter, kennysheep_generic_room_14,
          uniq_menkaure
D:8:      layout_basic, nicolae_wu_jian_wuxing_cycle, minivault_4
D:9:      layout_rooms, nicolae_qazlal_general_emergency,
          biasface_ghost_orc_armoury, eino_jars
D:10:     layout_long_grid, minmay_lair_entry_grove, uniq_sonja
D:11:     minmay_firetagon, layout_layer_cave, minmay_orc_entry_guard_dogs,
          serial_ice, serial_ice_f, serial_ice_a, serial_ice_k, serial_ice_m,
          fungi_pond_lemuel
D:12:     minmay_distorted_concentric_squares, layout_loops_cross,
          grunt_gozag_statues, uniq_lodul, uniq_rupert, uniq_snorg
D:13:     layout_loops_ring
D:14:     layout_rooms, grunt_vaults_entry_tiered, nicolae_wwwww, drop_trap,
          uniq_jorgrun, uniq_josephine, uniq_nessos
D:15:     gammafunk_enter_depths_forms, layout_cave_pools,
          nicolae_figureground_sparkle, portal_ice_cave_entry_pillars_four
Lair:1:   layout_cave_pods, dreamdust_deal_with_the_devil, minivault_24,
          grunt_megastairs_3
Lair:2:   layout_regular_city, minmay_snake_entry_guardpost_small,
          gammafunk_ghost_icy, gauntlet_entry_generic, uniq_harold,
          uniq_gastronok
Lair:3:   layout_regular_city, minmay_swamp_entry_worms, minivault_11,
          nicolae_lair_lindhole, grunt_megastairs_4
Lair:4:   layout_loops_ring, serial_bayou_shore_b, lemuel_fruit_tree,
          grunt_megastairs_1
Lair:5:   hangedman_lair_caniforms_friends, layout_small_grid,
          hangedman_lair_tendril_chambers, minmay_slime_entry_pillars
Swamp:1:  layout_basic_swamp, hangedman_swamp_ruin_hall,
          infiniplex_staircase_pool_2
Swamp:2:  layout_basic_swamp, hangedman_swamp_blocks, swamp_pool4,
          infiniplex_staircase_pool
Swamp:3:  layout_falls_marsh, evilmike_swamp_ruin_house_3, uniq_roxanne
Swamp:4:  swamp_fiery, layout_basic_swamp, uniq_nikola, uniq_mlioglotl,
          uniq_bai_suzhen
Snake:1:  layout_rooms
Snake:2:  layout_misc_corridors
Snake:3:  layout_layer_cave, serial_shops, nicolae_shop_statue_plus,
          serial_bayou_shore_b
Snake:4:  grunt_snake_rune_pools, layout_gridlike
Orc:1:    layout_diamond_mine, serial_shops, nicolae_square_shop, uniq_maurice
Orc:2:    st_orc_elflike, layout_caves, basic_altar, special_room,
          abandoned_shop, roderic_batcave
Elf:1:    minmay_elf_arrival_plus, layout_geoelf_octagon,
          minmay_elf_crystal_hexagon
Elf:2:    elven_hall_of_blades_hangedman_original
          [nicolae_blade_entry_splitting_headache], layout_geoelf_octagon,
          infiniplex_enter_wizlab_water, uniq_aizul
Elf:3:    minmay_elf_hall_furrowed, layout_geoelf_octagon, basic_altar,
          uniq_louise
Vaults:1: vaults_standard_mumra_lines, nicolae_vaults_angled_halls,
          nicolae_vaults_triangles, hangedman_vaults_locks,
          nicolae_vaults_little_squares_4, hangedman_vaults_trim,
          vaults_dpeg_ring, hangedman_vaults_slice, hangedman_vaults_stitches,
          vaults_room_pool, nicolae_vaults_specimen_jars, layout_vaults_big_room
Vaults:2: ontoclasm_vaults_misaligned, v_misc_16, nicolae_vaults_circle_grid_b,
          grunt_vaults_hallway_long, v_rooms_5, v_alt_pattern_3,
          nicolae_vaults_diagonal_hallway_6, nicolae_vaults_little_squares_2,
          vaults_room_door_hall, ontoclasm_vaults_shuriken,
          minmay_crypt_entry_nasty_monster, v_misc_12, nicolae_vaults_rhombus_6,
          ontoclasm_vaults_twist, dpeg_vaults_waves, layout_vaults_big_cross
Vaults:3: portal_desolation_entry_nicolae_nacl, v_alt_pattern_3, v_misc_2,
          vaults_room_guarded_vault, vaults_standard_mumra_enter_the_diamond,
          grunt_vaults_swirl, nicolae_vaults_alarming, vaults_room_large_hall,
          nicolae_vaults_little_squares_1, v_misc_30, vaults_room_hallway,
          nicolae_vaults_bisected_slash, nicolae_vaults_sealed_display,
          nicolae_vaults_asterisk, vaults_room_hallway, layout_vaults_omnibox,
          uniq_margery
Vaults:4: hangedman_vaults_corner, vaults_mumra_chevron, st_more_cells,
          v_misc_16, vaults_dpeg_doors, hangedman_vaults_hat,
          nicolae_vaults_little_squares_1, v_misc_4, grunt_vaults_bifocal,
          nicolae_vaults_theta, vaults_room_fours, v_misc_17, vaults_dpeg_hooks,
          layout_vaults_ring
Depths:1: layout_long_grid, grunt_hell_entry_dis_grunt,
          nicolae_dithmenos_shadow_blocks, serial_bayou_pond_d,
          lemuel_statue_altar, due_unseen_surprise
Depths:2: minmay_octagon_city, layout_gridville, minmay_tree_intersection,
          rand_demon_pan_entry_3, marbit_kobold_abyss_entry, hell_entry,
          infiniplex_staircase_diamond
Depths:3: grunt_runaround [grunt_runaround_doors_1, grunt_runaround_doors_2,
          grunt_runaround_doors_3, grunt_runaround_doors_4,
          grunt_runaround_loot], hell_entry, abyss_entry, uniq_jory

Skill      XL: |  1  2  3  4  5  6  7  8  9 10 11 12 13 14 15 16 17 18 19 20 21 22 |
---------------+-------------------------------------------------------------------+-----
Dodging        | 3 4 6 7 8 9 10 12 13 14 15 17 | 17.5
Long Blades    | 4 5 6 7 9 10 12 13 14 16 | 16.3
Fighting       | 4 5 6 7 8 9 10 12 14 15 16 17 18 19 20 21 22 23 | 23.5
Throwing       | 1 2 |  2.3
Evocations     | 2 4 6 7 8 9 11 12 13 15 16 18 | 18.6
Shields        | 6 10 12 14 15 16 17 18 19 20 21 | 21.3
Stealth        | 6 10 | 10.0

Action                   |  1- 3 |  4- 6 |  7- 9 | 10-12 | 13-15 | 16-18 | 19-21 | 22-24 || total
-------------------------+-------+-------+-------+-------+-------+-------+-------+-------++-------
Melee: Falchion          |    65 |       |       |       |       |       |       |       ||    65
       Tailslap          |    10 |    16 |    70 |   127 |   180 |   193 |   296 |   194 ||  1086
       Punch             |     1 |     2 |     5 |    12 |       |       |       |       ||    20
       Long sword        |    42 |    52 |       |       |       |       |       |       ||    94
       Scimitar          |       |    49 |   227 |   631 |   173 |    28 |       |       ||  1108
       Dagger            |       |       |   135 |    40 |    32 |       |       |       ||   207
       Double sword      |       |       |       |       |   753 |  1004 |  1132 |   662 ||  3551
       Demon blade       |       |       |       |       |       |    10 |   115 |       ||   125
Throw: Dart              |       |    10 |    22 |    12 |     2 |     4 |     1 |       ||    51
Invok: Berserk           |       |     2 |     4 |     7 |     8 |     2 |     1 |       ||    24
       Trog's Hand       |       |       |     4 |     2 |     6 |     4 |    21 |     8 ||    45
       Brothers in Arms  |       |       |       |       |       |     2 |     1 |       ||     3
 Abil: Breathe Frost     |       |       |     3 |       |       |       |       |       ||     3
Evoke: Wand              |       |     2 |     3 |    18 |    22 |    13 |     9 |       ||    67
       Phantom mirror    |       |       |       |     1 |     2 |     3 |     2 |       ||     8
       Condenser vane    |       |       |       |       |     3 |     6 |     9 |     2 ||    20
       Tin of tremorston |       |       |       |       |       |       |     9 |     6 ||    15
  Use: Scroll            |     4 |     1 |     5 |     6 |    19 |    14 |    13 |     9 ||    71
       Potion            |       |     2 |     2 |       |       |     4 |     7 |     3 ||    18
 Stab: Sleeping          |     1 |       |       |       |     4 |     3 |    14 |     3 ||    25
       Paralysed         |       |       |       |     6 |     7 |     2 |     4 |       ||    19
       Distracted        |       |       |       |       |    10 |    16 |    27 |    22 ||    75
       Invisible         |       |       |       |       |       |       |     1 |       ||     1
Armor: Skin              |    41 |    40 |   117 |   220 |   234 |   172 |   188 |   130 ||  1142
Dodge: Dodged            |    66 |    66 |   164 |   344 |   237 |   229 |   326 |   258 ||  1690
Block: Other             |       |       |    35 |   102 |       |       |       |       ||   137
       Reflection        |       |       |     1 |     3 |     9 |   129 |    42 |       ||   184
       Orb               |       |       |       |    29 |    32 |       |       |       ||    61
       Tower shield      |       |       |       |       |  1020 |  1318 |  1501 |   794 ||  4633

Table legend: (Time is in decaauts)
 A = Elapsed time spent in this place.
 B = Non-inter-level travel time spent in this place.
 C = Inter-level travel time spent in this place.
 D = Time resting spent in this place.
 E = Time spent auto-exploring this place.
 F = Levels seen in this place.
 G = Mean time per level.
                   A        B        C        D        E       F      G
               +--------+--------+--------+--------+--------+-----+--------+
         Total |  62368 |  59203 |   3165 |   4162 |  44305 |  45 | 1386.0 |
       Dungeon |  20415 |  18976 |   1439 |   1254 |  14922 |  15 | 1361.0 |
          Lair |   8920 |   8156 |    764 |    534 |   5949 |   5 | 1784.0 |
         Swamp |   4922 |   4799 |    123 |    883 |   3222 |   4 | 1230.5 |
     Snake Pit |   5988 |   5850 |    138 |    333 |   4716 |   4 | 1497.0 |
  Orcish Mines |   1499 |   1217 |    282 |      0 |   1039 |   2 |  749.5 |
   Elven Halls |   4740 |   4597 |    143 |    441 |   3408 |   3 | 1580.0 |
        Vaults |   6361 |   6148 |    213 |    125 |   4994 |   4 | 1590.2 |
        Depths |   4797 |   4738 |     59 |    228 |   3372 |   3 | 1599.0 |
         Abyss |    501 |    501 |      0 |     78 |    161 |   1 |  501.0 |
      Ice Cave |   1325 |   1325 |      0 |      0 |    921 |   1 | 1325.0 |
        Wizlab |   1357 |   1357 |      0 |     77 |    842 |   1 | 1357.0 |
    Desolation |    937 |    937 |      0 |     22 |    607 |   1 |  937.0 |
      Gauntlet |    600 |    600 |      0 |    185 |    150 |   1 |  600.0 |
               +--------+--------+--------+--------+--------+-----+--------+

Top non-repeatable levels by time:
Depths:2: 3069 daAuts
  Lair:5: 2613 daAuts
     D:8: 2397 daAuts
 Snake:3: 2265 daAuts
  Lair:1: 1878 daAuts
   Elf:3: 1821 daAuts
    D:10: 1802 daAuts
    D:11: 1767 daAuts
 Snake:4: 1728 daAuts
Vaults:2: 1646 daAuts
  Lair:3: 1598 daAuts
Vaults:1: 1593 daAuts
   Elf:1: 1566 daAuts
Vaults:4: 1564 daAuts
  Lair:2: 1558 daAuts
